 Dungeon Crawl Stone Soup version 0.28-a0-1286-g6bde065e89 (webtiles) character file.

Game seed: 17706341492116063938

57 Armakuni the Twirler (level 4, 0/34 HPs)
             Began as a Human Wanderer on Dec 26, 2021.
             Slain by Robin (2 damage)
             ... on level 2 of the Dungeon.
             The game lasted 00:02:36 (1275 turns).

Armakuni the Twirler (Human Wanderer)               Turns: 1275, Time: 00:02:36

Health: 0/34       AC:  6    Str: 12    XL:     4   Next: 18%
Magic:  5/5        EV:  8    Int: 12    God:
Gold:   43         SH:  0    Dex: 15    Spells: 5/5 levels left

rFire   + . .      SeeInvis .   a - +2 quarterstaff
rCold   + . .      Faith    .   (shield currently unavailable)
rNeg    . . .      Spirit   .   f - +0 scale mail
rPois   +          Reflect  .   (no helmet)
rElec   +          Harm     .   (no cloak)
rCorr   +          Rampage  .   (no gloves)
Will    .....                   (no boots)
Stlth   ..........              (no amulet)
HPRegen 0.11/turn               (no ring)
MPRegen 0.09/turn               (no ring)

@: resistant, flying
A: no striking features
a: no special abilities


You were on level 2 of the Dungeon.
You visited 1 branch of the dungeon, and saw 2 of its levels.

You collected 43 gold pieces.

Inventory:

Hand Weapons
 a - a +2 quarterstaff (weapon)
 b - a +0 dagger of venom
Armour
 f - a +0 scale mail (worn)


   Skills:
 + Level 2.6 Fighting
 + Level 4.0 Staves
 - Level 3.0 Armour
 - Level 1.0 Spellcasting
 - Level 2.0 Conjurations


You had 5 spell levels left.
You didn't know any spells.
Your spell library contained the following spells:

 Spells                   Type           Power      Damage    Failure   Level
 Magic Dart               Conj           20%        1d4       54%         1
 Dazzling Flash           Conj/Hex       6%         N/A       96%         3


Dungeon Overview and Level Annotations

Branches:
Dungeon (2/15)

Altars:

Annotations:
D:2 Robin


Message History

Robin throws the goblin at you! The goblin hits you with a +0 club.
You closely miss the hobgoblin.
Robin roars a battlecry!
The goblin goes into a battle-frenzy!
The hobgoblin hits you. The goblin hits you with a +0 club.
You sock the hobgoblin!
You kill the hobgoblin!
The goblin hits you but does no damage.
You hit the goblin.
The goblin is heavily wounded.
The goblin closely misses you. The goblin hits you with a +0 club.
Robin says, "Kneel, worm!"
You sock the goblin!
You kill the goblin!
The goblin barely misses you. Robin throws the goblin at you!
Your Staves skill increases to level 4!
You miss the goblin. The goblin hits you with a +0 club.
It was a potion of flight.
You feel very buoyant.
You fly up into the air.
The goblin hits you with a +0 club. Robin hits you with a +0 mace.
It was a potion of resistance.
You feel protected. The goblin hits you but does no damage.
Robin hits you with a +0 mace.
* * * LOW HITPOINT WARNING * * *
You aren't carrying any scrolls.
You aren't carrying any potions.
You aren't carrying any items that you can evoke.
You hit the goblin.
The goblin is heavily wounded.
The goblin hits you with a +0 club.
* * * LOW HITPOINT WARNING * * *
Robin laughs in a distinctly smug fashion.
Robin completely misses you.
You completely miss the goblin.
The goblin is heavily wounded.
The goblin hits you with a +0 club.
* * * LOW HITPOINT WARNING * * *
Robin hits you with a +0 mace.
You die...

#......#..###.##<#..,,,,,,,
####...............*******,
#.......##.##..,,,,,,,,,
#..........##.#,#*******
###...†.#...#.#.#####***
#..>..)...'g......g,,,
#..##.#...#########**,
#..##g#...# *, #..##@#####
****, #.§##g# *,,,, #§<##.#
*,,,,
#.###'#######*****,,,,
#)#.........#*,,,,,,,,
#†#.........#*,,,,,,,,
###.#.........#*,,,,,***
#...#.........#*,,,,,*
#...'...#######*,,,,,*


You could see Robin and a goblin (strong).

Vanquished Creatures
  An adder (D:2)
  2 dart slugs (D:1)
  A ball python (D:1)
  A bat (D:2)
  3 endoplasms (D:1)
  A giant cockroach (D:1)
  4 hobgoblins
  4 jackals (D:1)
  3 kobolds
  2 quokkas (D:1)
  3 frilled lizards (D:1)
  9 goblins
  4 rats
38 creatures vanquished.

Notes
Turn   | Place    | Note
-------+----------+-------------------------------------------
     0 | D:1      | Armakuni the Human Wanderer began the quest for the Orb.
     0 | D:1      | Armakuni set off with the following items: a +2
                  | quarterstaff, a +0 scale mail; and the following spell
                  | memorised: Magic Dart; and the following spells available
                  | to memorise: Dazzling Flash
     0 | D:1      | Reached XP level 1. HP: 15/15 MP: 2/2
   152 | D:1      | Reached XP level 2. HP: 20/21 MP: 3/3
   454 | D:1      | Found a faded altar of an unknown god.
   469 | D:1      | Reached XP level 3. HP: 25/27 MP: 4/4
  1166 | D:2      | Reached XP level 4. HP: 32/34 MP: 5/5
  1251 | D:2      | Noticed Robin
  1271 | D:2      | Reached skill level 4 in Staves
  1275 | D:2      | Slain by Robin

Illustrated notes

Levels and vault maps discovered:
D:1:      eino_arrival_water_star, layout_loops_ring,
          hellmonk_ecumenical_altar_dog_temple, hangedman_decor_push,
          minivault_25, minmay_misc_feat_roman, minmay_statues_item,
          serial_bayou_pond_b
D:2:      layout_basic, nrook_mini_backslash, uniq_robin, uniq_natasha

Skill      XL: |  1  2  3  4 |
---------------+-------------+-----
Fighting       | 2 |  2.6
Staves         | 4 |  4.0
Armour         | |  3.0
Spellcasting   | |  1.0
Conjurations   | |  2.0

Action                   |  1- 3 |  4- 6 || total
-------------------------+-------+-------++-------
Melee: Quarterstaff      |    72 |    18 ||    90
  Use: Scroll            |     1 |     2 ||     3
       Potion            |       |     2 ||     2
Armor: Scale mail        |    39 |     8 ||    47
Dodge: Dodged            |    30 |    11 ||    41

Table legend: (Time is in decaauts)
 A = Elapsed time spent in this place.
 B = Non-inter-level travel time spent in this place.
 C = Inter-level travel time spent in this place.
 D = Time resting spent in this place.
 E = Time spent auto-exploring this place.
 F = Levels seen in this place.
 G = Mean time per level.
                   A        B        C        D        E       F      G
               +--------+--------+--------+--------+--------+-----+--------+
         Total |   1288 |   1278 |     10 |    101 |    879 |   2 |  644.0 |
       Dungeon |   1288 |   1278 |     10 |    101 |    879 |   2 |  644.0 |
               +--------+--------+--------+--------+--------+-----+--------+

Top non-repeatable levels by time:
     D:1: 1146 daAuts
     D:2: 141 daAuts
